 Dungeon Crawl Stone Soup version 0.14-a0-1388-g200237c (webtiles) character file.

7432 Malachi the Cleaver (level 11, 71/71 HPs)
             Began as a Formicid Hunter on Dec 5, 2013.
             Quit the game on Level 9 of the Dungeon on Dec 9, 2013.
             The game lasted 00:32:16 (10423 turns).

Malachi the Cleaver (Formicid Hunter)              Turns: 10423, Time: 00:32:16

HP  71/71        AC 17     Str 27      XL: 11   Next: 54%
MP  12/12        EV  7     Int  8      God:
Gold 417         SH  0     Dex 11      Spells:  0 memorised, 10 levels left

rFire  . . .     SeeInvis +     y - +0,+5 orc war axe
rCold  . . .     Clarity  .     I - +0 plate armour {MR+}
rNeg   . . .     Conserve .     (no shield)
rPois  x         rCorr    +     (helmet unavailable)
rElec  .         rRot     .     (no cloak)
SustAb . .       Spirit   .     H - +1 pair of gloves
rMut   .         Warding  .     (no boots)
Saprov . . .     Stasis   +     d - amulet of resist corrosion
                                O - +6 ring of strength
                                C - ring of regeneration

@: quite resistant to hostile enchantments, extremely unstealthy
A: permanent stasis, dig shafts and tunnels, four strong arms, poison weakness,
antennae 3, carnivore 2, dopey 1, fast metabolism 1, sense surroundings 1, spit
poison 1, exoskeleton 1
a: Dig, Shaft Self, Spit Poison


You were on level 9 of the Dungeon.
You were near starving.

You visited 2 branches of the dungeon, and saw 10 of its levels.

You collected 417 gold pieces.

Inventory:

Hand weapons
 y - a +0,+5 orcish war axe (weapon)
 E - a +0,+2 flail of holy wrath
Missiles
 c - a throwing net [frayed]
 k - 5 tomahawks
 u - 3 poisoned tomahawks
 B - a throwing net [frayed]
 D - a throwing net
 L - 3 large rocks (quivered)
Armour
 H - a +1 pair of gloves (worn)
 I - a +0 plate armour of magic resistance (worn)
Magical devices
 b - a wand of fireball (7)
 h - a wand of disintegration (6)
 j - a wand of fire (5)
 v - a wand of polymorph (12)
Comestibles
 f - 3 bread rations
 x - 5 meat rations
 U - a choko
 X - 15 cheeses
Scrolls
 e - 2 scrolls of amnesia
 g - a scroll of fog {unknown}
 i - a scroll of brand weapon {unknown}
 l - 2 scrolls of remove curse
 q - 2 scrolls of fear
 G - a scroll of recharging
 R - 2 scrolls of enchant weapon II
 S - 2 scrolls of identify
 V - a scroll of curse armour {unknown}
Jewellery
 a - a cursed ring of poison resistance
 d - an amulet of resist corrosion (around neck)
 C - a ring of regeneration (left hand)
 K - an uncursed ring of positive energy
 N - a +3 ring of dexterity
 O - a +6 ring of strength (right hand)
Potions
 m - a potion of brilliance
 n - a potion of might
 o - 3 potions of restore abilities
 s - a potion of lignification
 t - 7 potions of curing
 w - 2 potions of heal wounds
 J - a potion of agility
Magical staves
 M - an uncursed staff of summoning {unknown}


   Skills:
 + Level 6.4 Fighting
   Level 2.1 Short Blades
 * Level 10.9 Axes
 + Level 4.7 Throwing
 + Level 9.5 Armour
 + Level 5.3 Dodging
 + Level 2.2 Stealth
 + Level 1.0 Evocations


You had 10 spell levels left.
You didn't know any spells.

Dungeon Overview and Level Annotations

Branches:
Dungeon (9/16)             Temple (1/1) D:6
    Orc: D:9-12        Lair: D:8-11

Altars:
Ashenzari
Cheibriados
Elyvilon
Fedhas
Kikubaaqudgha
Makhleb
Okawaru
Sif Muna
Trog
Vehumet
Xom
Yredelemnul
Zin
the Shining One

Shops:
D:5 +   D:9 [

Portals:
Ziggurat: D:4 (3490 gp)


Innate Abilities, Weirdness & Mutations

Your are under a permanent stasis effect.
You can dig through walls and to a lower floor.
Your four strong arms can wield any weapon, most with a shield.
You are susceptible to poison.
You have a pair of large antennae on your head (SInv).
Your body is surrounded by an exoskeleton. (HP +5, AC +1)
Your digestive system is highly specialised to digest meat.
You are dopey. (Int -2)
You have a fast metabolism.
You passively map a small area around you.
You can spit poison.


Message History

You have got your breath back.
You start waiting.
Your transformation is almost over.
You start waiting.
You feel less woody.
Your +1 pair of gloves unmelds from your body.
Your +0 plate armour of magic resistance unmelds from your body.
You feel resistant to hostile enchantments.
You are near starving!
Unknown command.
You enter the shallow water.
Moving in this stuff is going to be slow.
There is an open door here.
Why would you want to do that? Why would you want to do that?
Why would you want to do that? Why would you want to do that?
Why would you want to do that?
Unknown command.
Are you sure you want to abandon this character and quit the game? (Confirm with "yes".)

...#######...........##.#
##.#....##............#.#
⌠#......##.....######.#.#
.#...(.........#§≈≈≈#...#
##.##....#.....#≈§_≈#.#.#
#...#....#.....#≈⌠>≈#.#.#
+...+....#.....#≈≈≈≈#.#.#
#...[....#.....#'####.#.#
###.#....#......@.....#.#
.#.......#............#.#
⌠#........≈≈..........#.#
##........≈≈..........#.#
..........≈≈..........#.#
......#≈≈≈≈≈.......####.#
###.##≈≈≈≈≈≈.......# #..#########
.##.###≈≈≈≈≈.=.....###...........
....####≈≈≈≈≈≈##........#########


There were no monsters in sight!

Vanquished Creatures
  Grinder (D:4)
  A troll (D:9)
  2 sharks (D:9)
  4 yaks (D:9)
  3 hippogriffs
  Edmund (D:4)
  3 ogres
  3 sky beasts
  3 ice beasts
  3 orc warriors
  4 giant goldfish (D:9)
  2 phantoms (D:9)
  2 centaurs
  A crocodile (D:7)
  8 giant frogs
  4 jellyfish (D:9)
  5 killer bees (D:9)
  3 wights (D:8)
  A hippogriff skeleton (D:8)
  5 electric eels (D:9)
  A goliath beetle (D:5)
  7 crimson imps
  A giant frog zombie (D:6)
  A quasit (D:6)
  4 orc priests
  2 jellies (D:7)
  4 hounds
  4 scorpions
  10 iguanas
  An orange rat (D:8)
  5 orc wizards
  3 worker ants
  An ogre zombie (D:8)
  A mummy (D:9)
  14 adders
  3 green rats (D:8)
  A giant centipede (D:8)
  8 gnolls
  5 worms
  4 grey rats (D:8)
  An iguana zombie (D:5)
  An adder skeleton (D:4)
  A giant eyeball (D:7)
  13 giant geckos
  An ooze (D:6)
  20 orcs
  11 bats
  A bat zombie (D:5)
  15 goblins
  15 hobgoblins
  10 jackals
  18 kobolds
  7 quokkas
  A ball python (D:2)
  5 giant cockroaches
  5 giant newts
  A giant spore (D:9)
  A hobgoblin zombie (D:8)
  A kobold skeleton (D:7)
  2 quokka skeletons
  28 rats
  8 ballistomycetes
  2 plants
307 creatures vanquished.

Vanquished Creatures (others)
  2 giant spores
2 creatures vanquished.

Grand Total: 309 creatures vanquished

Notes
Turn   | Place    | Note
--------------------------------------------------------------
     0 | D:1      | Malachi, the Formicid Hunter, began the quest for the Orb.
     0 | D:1      | Reached XP level 1. HP: 17/17 MP: 1/1
   123 | D:1      | Reached XP level 2. HP: 15/22 MP: 2/2
   438 | D:1      | Reached XP level 3. HP: 4/26 MP: 3/3
  1133 | D:2      | Reached XP level 4. HP: 25/31 MP: 4/4
  1323 | D:2      | Reached skill level 1 in Armour
  1823 | D:2      | Reached XP level 5. HP: 28/35 MP: 5/5
  2614 | D:3      | Noticed an ice beast
  2617 | D:3      | Killed an ice beast
  2617 | D:3      | Reached skill level 4 in Throwing
  2617 | D:3      | Reached XP level 6. HP: 22/41 MP: 6/6
  3669 | D:3      | Reached skill level 1 in Axes
  3669 | D:3      | Reached XP level 7. HP: 18/45 MP: 7/7
  4189 | D:4      | Found an ancient bone altar of Kikubaaqudgha.
  4263 | D:4      | Found a gateway to a ziggurat.
  4296 | D:4      | Noticed Edmund
  4305 | D:4      | Killed Edmund
  4542 | D:4      | Noticed Grinder
  4554 | D:4      | Killed Grinder
  4554 | D:4      | Reached XP level 8. HP: 43/51 MP: 8/8
  4784 | D:5      | Entered Level 5 of the Dungeon
  4784 | D:5      | Found Kochem's Book Shoppe.
  4891 | D:5      | Reached skill level 5 in Armour
  5322 | D:5      | Reached XP level 9. HP: 55/57 MP: 9/9
  5390 | D:5      | Reached skill level 5 in Axes
  5573 | D:5      | Found a glowing golden altar of the Shining One.
  6136 | D:6      | Found a staircase to the Ecumenical Temple.
  6404 | D:6      | Found a snail-covered altar of Cheibriados.
  6476 | Temple   | Entered the Ecumenical Temple
  6857 | D:7      | Reached skill level 6 in Axes
  7032 | D:7      | Found a radiant altar of Vehumet.
  7032 | D:7      | Found a burning altar of Makhleb.
  7435 | D:7      | Reached skill level 7 in Axes
  7513 | D:7      | Reached skill level 5 in Fighting
  7513 | D:7      | Reached XP level 10. HP: 62/64 MP: 11/11
  7812 | D:8      | Reached skill level 8 in Axes
  8378 | D:8      | Reached skill level 9 in Axes
  8805 | D:8      | Reached skill level 5 in Dodging
  8871 | D:9      | Reached skill level 1 in Evocations
  9256 | D:9      | Reached XP level 11. HP: 49/69 MP: 12/12
  9294 | D:9      | Found a shattered altar of Ashenzari.
  9481 | D:9      | Gained mutation: You have a fast metabolism. [potion of mutation]
  9481 | D:9      | Gained mutation: Your digestive system is specialised to digest meat. [potion of mutation]
  9481 | D:9      | Gained mutation: You are dopey. (Int -2) [potion of mutation]
  9482 | D:9      | Gained mutation: Your digestive system is highly specialised to digest meat. [potion of mutation]
  9482 | D:9      | Gained mutation: You passively map a small area around you. [potion of mutation]
  9482 | D:9      | Gained mutation: You can spit poison. [potion of mutation]
  9484 | D:9      | Upgraded the game from 0.14-a0-1313-gb2df4ef to 0.14-a0-1388-g200237c
  9507 | D:9      | Found Blasm's Antique Armour Boutique.
  9558 | D:9      | Reached skill level 10 in Axes
 10270 | D:9      | Found an iron altar of Okawaru.
 10423 | D:9      | Quit the game

Action                   |  1- 3 |  4- 6 |  7- 9 | 10-12 || total
-------------------------+-------+-------+-------+-------++-------
Melee: Short sword       |   118 |    84 |       |       ||   202
       War axe           |       |    94 |   304 |   384 ||   782
Throw: Large rock        |     3 |    23 |    30 |    14 ||    70
       Throwing net      |       |       |     2 |       ||     2
 Abil: Spit Poison       |       |       |       |     1 ||     1
Evoke: Wand              |       |     1 |     2 |     2 ||     5
  Use: Potion            |       |     2 |     2 |    12 ||    16
       Scroll            |       |       |    20 |     2 ||    22
 Stab: Sleeping          |       |     1 |       |       ||     1
